 Dungeon Crawl Stone Soup version 0.22-a0-833-g8522bf8 (webtiles) character file.

52547 riteheju the Covert (level 14, -4/116 HPs)
             Began as a Demonspawn Assassin on July 25, 2018.
             Slain by a spiny frog (54 damage)
             ... on level 5 of the Lair of Beasts.
             The game lasted 01:32:12 (29140 turns).

riteheju the Covert (Demonspawn Assassin)          Turns: 29140, Time: 01:32:13

Health: -4/116     AC: 10    Str: 13    XL:     14   Next: 27%
Magic:  0/14       EV: 21    Int: 13    God:
Gold:   1448       SH:  0    Dex: 18    Spells: 13/13 levels left

rFire    . . .     SeeInvis .   o - +5 dagger (speed)
rCold    . . .     Gourm    .   (no shield)
rNeg     . . .     Faith    .   P - +0 troll leather armour
rPois    .         Spirit   +   h - +2 helmet
rElec    .         Reflect  .   d - +0 cloak
rCorr    .         Harm     .   F - +0 pair of gloves
MR       +....                  (no boots)
Stlth    +++++++++.             W - amulet of guardian spirit
HPRegen  0.69/turn              B - ring of stealth
MPRegen  0.14/turn              S - ring of stealth

@: lethally poisoned (-4 -> -5), about to teleport, sleeping
A: talons 2, large bone plates 2, foul stench 1, nightstalker 2, rot immunity
a: no special abilities


You were on level 5 of the Lair of Beasts.
You were not hungry.

You visited 5 branches of the dungeon, and saw 21 of its levels.

You collected 2023 gold pieces.
You spent 575 gold pieces at shops.

Inventory:

Hand Weapons
 b - a +0 blowgun
 o - a +5 dagger of speed (weapon)
Missiles
 e - 66 poisoned needles
 f - 2 curare-tipped needles
 L - a throwing net (quivered)
Armour
 d - a +0 cloak (worn)
 h - a +2 helmet (worn)
 F - a +0 pair of gloves (worn)
 P - a +0 troll leather armour (worn)
Jewellery
 c - an uncursed ring of protection from cold
 r - an uncursed ring of protection from magic
 x - an uncursed ring of poison resistance
 A - an uncursed ring of protection from magic
 B - a ring of stealth (left hand)
 C - an uncursed ring of see invisible
 I - an uncursed ring of ice
 R - an uncursed amulet of faith
 S - a ring of stealth (right hand)
 W - an amulet of guardian spirit (around neck)
Wands
 a - a wand of clouds (4)
 m - a wand of enslavement (3)
 t - a wand of flame (54)
 y - a wand of polymorph (45)
 E - a wand of digging (7)
 N - a wand of random effects (68)
 T - a wand of scattershot (6)
Scrolls
 i - 3 scrolls of identify
 l - 11 scrolls of teleportation
 q - 6 scrolls of remove curse
 s - 2 scrolls of fear
 w - 3 scrolls of enchant armour
 G - 2 scrolls of fog
 J - 2 scrolls of magic mapping
 K - a scroll of amnesia
 U - a scroll of enchant weapon
 X - a scroll of immolation {unknown}
Potions
 j - 4 potions of lignification
 k - 7 potions of brilliance
 n - 4 potions of curing
 p - a potion of agility
 u - 3 potions of mutation
 v - 2 potions of resistance
 z - 2 potions of cancellation
 D - 2 potions of might
 H - 2 potions of ambrosia
 M - 2 potions of flight
 O - a potion of heal wounds
 Q - a potion of magic
Comestibles
 g - 33 rations
 V - 3 chunks of flesh


   Skills:
 * Level 12.7 Fighting
 - Level 10.0 Short Blades
 - Level 2.0 Throwing
 + Level 5.1 Armour
 * Level 12.1 Dodging
 * Level 13.1 Stealth


You had 13 spell levels left.
You didn't know any spells.
Your spell library contained the following spells:

 Spells                   Type           Power        Failure   Level  Hunger
 Cause Fear               Hex            #.........   98%         4    #####..
 Confuse                  Hex            #.......     75%         3    ####...
 Throw Frost              Conj/Ice       #.....       50%         2    ###....
 Freeze                   Ice            #...         36%         1    ##.....
 Summon Ice Beast         Ice/Summ       #.......     98%         4    #####..
 Ozocubu's Armour         Chrm/Ice       #.......     75%         3    ####...
 Tukima's Dance           Hex            #.......     75%         3    ####...
 Deflect Missiles         Chrm/Air       #.........   100%        6    #######
 Throw Icicle             Conj/Ice       #.......     98%         4    #####..
 Call Canine Familiar     Summ           #.......     75%         3    ####...
 Ensorcelled Hibernation  Hex/Ice        #.....       50%         2    ###....
 Summon Butterflies       Summ           #.......     36%         1    ##.....
 Silence                  Hex/Air        #.........   100%        5    ######.
 Corona                   Hex            #......      36%         1    ##.....
 Summon Hydra             Summ           #.........   100%        7    #######
 Dazzling Spray           Conj/Hex       #.....       75%         3    ####...
 Discord                  Hex            #.........   100%        8    #######
 Summon Mana Viper        Hex/Summ       #.......     100%        5    ######.
 Yara's Violent Unravell  Hex/Tmut       #.........   100%        5    ######.


Dungeon Overview and Level Annotations

Branches:
Dungeon (12/15)            Temple (1/1) D:5            Lair (5/6) D:10
  Swamp (1/4) Lair:4       Spider (0/4) Lair:4          Orc (2/2) D:9
    Elf (0/3) Orc:2
  Slime: Lair:5-6

Altars:
Ashenzari
Cheibriados
Dithmenos
Elyvilon
Fedhas
Gozag
Hepliaklqana
Kikubaaqudgha
Makhleb
Nemelex Xobeh
Okawaru
Qazlal
Ru
Sif Muna
Trog
Uskayaw
Vehumet
Wu Jian
Xom
Yredelemnul
Zin
The Shining One
Lugonu

Shops:
Orc:2 (**!

Annotations:
D:6 exclusion: oklob plant
D:10 exclusion: obsidian statue, Meatbag's ghost, journeyman GnFi
Lair:2 exclusion: oklob plant


Innate Abilities, Weirdness & Mutations

You have razor-sharp toenails.
You are mostly covered in large bone plates. (SH +6)
You may emit foul miasma when damaged in melee.
You are significantly more attuned to the shadows.
You are immune to rotting.


Message History

The dream sheep bites you!!
You wake up.
The spiny frog stings you!!
You emit a cloud of foul miasma!
The dream sheep bleats! x2
As you read the scroll of teleportation, it crumbles to dust.
You feel strangely unstable.
You hear a croak. x2
The spiny frog is engulfed in dark miasma.
The spiny frog stings you!
You are poisoned.
The spiny frog poisons you!
The dream sheep bites you but does no damage.
Unknown command.
You feel sick.
The spiny frog is engulfed in dark miasma.
The spiny frog is poisoned.
The spiny frog closely misses you.
You feel sick.
The dream sheep are wreathed in dream dust.
You feel drowsy...
You fall asleep.
You feel sick. The spiny frog stings you!!!
You die...

.#...#...#.#...##.....##.#.......
.......................'......<..
...#8.....8..>..8.....8..........
..............................^..
.........###....##...#...........
.....#...# #######...#..>........
......#...# #....##.#..#......
...... ...#####Y....####.##....
....... #....8Y.@.# ####.......
.....Y.. #.....F.#.# #.###......
#........#...Y.### P##........#.
....Y.....#Y#§#.#####.#......#
#.#...F..........##.........#..
FY...#.?....≈≈##.....##...
F...#..##...P.≈..........
.....###P...≈......P#.. #####
####≈≈###..P..


You could see a spiny frog and 4 dream sheep.

Vanquished Creatures
  Harold (D:10)
  4 ogre magi (Orc:2)
  4 hydras
  Erica (D:9)
  20 two-headed ogres
  A tengu warrior (D:11)
  An orc high priest (Orc:2)
  Nergalle (D:11)
  An orc sorcerer (Orc:2)
  2 cyclopes (D:11)
  2 ugly things
  Maurice (D:8)
  2 wolf spiders (Lair:4)
  4 black mambas
  Psyche (D:11)
  9 spiny frogs
  2 rime drakes
  A komodo dragon (Lair:3)
  A hornet (D:12)
  2 trolls
  3 polar bears
  8 blink frogs
  5 hippogriffs
  A redback (Lair:4)
  A shadow (D:12)
  Sigmund (D:3)
  A wyvern (D:8)
  33 yaks
  A basilisk (Lair:2)
  A steam dragon (D:11)
  4 vampire mosquitoes (D:12)
  A warg (Orc:2)
  A soldier ant (D:10)
  6 water moccasins
  3 ice beasts
  5 porcupines
  3 black bears
  2 sky beasts
  13 orc warriors
  27 ogres
  2 phantoms
  5 wolves
  15 centaurs
  5 crocodiles
  4 big kobolds
  14 bullfrogs
  4 earth elementals
  6 scorpions
  2 wyvern skeletons
  13 killer bees
  6 wights
  5 howler monkeys
  An electric eel (Lair:1)
  5 crimson imps
  9 jellies
  3 centaur zombies
  9 hounds
  14 orc priests
  4 centaur skeletons
  2 iguanas
  Jessica (D:2)
  Ijyb (D:3)
  13 orc wizards
  6 worker ants
  A hound zombie (D:8)
  A hound skeleton (D:9)
  A mummy (D:9)
  16 adders
  3 gnolls (D:2)
  4 shadow imps
  16 oozes (D:6)
  A dart slug (D:4)
  4 leopard geckos
  35 orcs
  5 giant cockroaches
  8 goblins
  5 hobgoblins
  17 jackals
  9 quokkas
  5 bats
  10 frilled lizards
  20 kobolds
  A leopard gecko zombie (D:5)
  3 quokka skeletons
  7 rats
  2 plants
504 creatures vanquished.

Vanquished Creatures (others)
  11 fungi
  4 plants
15 creatures vanquished.

Grand Total: 519 creatures vanquished

Notes
Turn   | Place    | Note
-------+----------+-------------------------------------------
     0 | D:1      | riteheju the Demonspawn Assassin began the quest for the Orb.
     0 | D:1      | Reached XP level 1. HP: 16/16 MP: 1/1
   120 | D:1      | Reached skill level 1 in Dodging
   278 | D:1      | Reached skill level 4 in Stealth
   287 | D:1      | Gained mutation: You have sharp toenails. [demonic ancestry]
   287 | D:1      | Reached XP level 2. HP: 22/22 MP: 2/2
  1074 | D:2      | Noticed Jessica
  1114 | D:2      | Killed Jessica
  1114 | D:2      | Reached XP level 3. HP: 18/27 MP: 3/3
  1841 | D:2      | Gained mutation: You are partially covered in large bone plates. (SH +4) [demonic ancestry]
  1841 | D:2      | Reached XP level 4. HP: 31/33 MP: 4/4
  2240 | D:2      | Found a white marble altar of Elyvilon.
  2240 | D:2      | Found a stormy altar of Qazlal.
  2248 | D:2      | Found a sacrificial altar of Ru.
  2287 | D:2      | Found an ancient bone altar of Kikubaaqudgha.
  2287 | D:2      | Found a blossoming altar of Fedhas.
  2737 | D:3      | Noticed Ijyb
  2744 | D:3      | Killed Ijyb
  2744 | D:3      | Reached XP level 5. HP: 39/39 MP: 5/5
  2785 | D:3      | Reached skill level 5 in Stealth
  3718 | D:3      | Noticed Sigmund
  4200 | D:4      | Found a deep blue altar of Sif Muna.
  4202 | D:4      | Found a basalt altar of Yredelemnul.
  4203 | D:4      | Found a shadowy altar of Dithmenos.
  4204 | D:4      | Found a hazy altar of Hepliaklqana.
  4205 | D:4      | Found a bloodstained altar of Trog.
  4212 | D:4      | Found an ornate altar of the Wu Jian Council.
  4363 | D:4      | Gained mutation: You are mostly covered in large bone plates. (SH +6) [demonic ancestry]
  4363 | D:4      | Reached XP level 6. HP: 46/46 MP: 6/6
  5032 | D:5      | Entered Level 5 of the Dungeon
  5460 | D:5      | Reached XP level 7. HP: 29/52 MP: 7/7
  5596 | D:5      | Found a staircase to the Ecumenical Temple.
  5668 | D:5      | Found a sparkling altar of Nemelex Xobeh.
  5831 | D:5      | Found a deep blue altar of Sif Muna.
  5888 | D:5      | Found a burning altar of Makhleb.
  5888 | D:5      | Found a hide-covered altar of Uskayaw.
  5979 | Temple   | Entered the Ecumenical Temple
  6181 | D:3      | Killed Sigmund
  6701 | D:6      | Reached skill level 6 in Stealth
  6950 | D:6      | Found an iron altar of Okawaru.
  6980 | D:6      | Reached XP level 8. HP: 60/60 MP: 8/8
  6998 | D:6      | Reached skill level 5 in Short Blades
  7362 | D:6      | Noticed an oklob plant
  7930 | D:7      | Reached skill level 5 in Dodging
  8160 | D:7      | Reached skill level 7 in Stealth
  8182 | D:7      | Gained mutation: You are immune to rotting. [demonic ancestry]
  8182 | D:7      | Reached XP level 9. HP: 66/66 MP: 9/9
  8602 | D:7      | Reached skill level 5 in Fighting
 10137 | D:8      | Noticed a two-headed ogre
 10462 | D:8      | Noticed Maurice
 10502 | D:8      | Killed Maurice
 10502 | D:8      | Reached skill level 8 in Stealth
 10829 | D:8      | Gained mutation: You have razor-sharp toenails. [demonic ancestry]
 10829 | D:8      | Reached XP level 10. HP: 76/76 MP: 10/10
 11005 | D:9      | Found a stormy altar of Qazlal.
 11113 | D:8      | Killed a two-headed ogre
 11773 | D:9      | Found an opulent altar of Gozag.
 11817 | D:9      | Noticed a two-headed ogre
 12104 | D:9      | Killed a two-headed ogre
 12960 | D:9      | Noticed Erica
 12967 | D:9      | Killed Erica
 13360 | D:9      | Found a staircase to the Orcish Mines.
 13442 | D:9      | Found a snail-covered altar of Cheibriados.
 13732 | D:10     | Entered Level 10 of the Dungeon
 13737 | D:10     | Gained mutation: You may emit foul miasma when damaged in melee. [demonic ancestry]
 13737 | D:10     | Reached XP level 11. HP: 84/84 MP: 11/11
 13915 | D:10     | Reached skill level 9 in Stealth
 13919 | D:10     | Reached skill level 10 in Short Blades
 14641 | D:10     | Noticed a two-headed ogre
 14665 | D:10     | Killed a two-headed ogre
 15103 | D:10     | Found a runed gate.
 15103 | D:10     | Found a runed gate.
 15103 | D:10     | Found an opulent altar of Gozag.
 15103 | D:10     | Found a runed gate.
 15103 | D:10     | Noticed an obsidian statue
 15119 | D:10     | Noticed Meatbag's ghost (journeyman GnFi)
 15174 | D:10     | Found a staircase to the Lair.
 15326 | D:10     | Noticed an orc knight
 16293 | D:11     | Noticed a two-headed ogre
 16314 | D:11     | Killed a two-headed ogre
 16623 | D:11     | Noticed Harold
 16783 | D:10     | Killed Harold
 16783 | D:10     | Reached skill level 10 in Stealth
 16806 | D:10     | HP: 3/87 [earth elemental (33)]
 17966 | D:11     | Noticed Psyche
 18252 | D:11     | Noticed a two-headed ogre
 18258 | D:11     | Killed a two-headed ogre
 18258 | D:11     | Gained mutation: You are slightly more attuned to the shadows. [demonic ancestry]
 18258 | D:11     | Reached XP level 12. HP: 95/95 MP: 12/12
 18301 | D:11     | Noticed a tengu warrior
 18303 | D:11     | Killed a tengu warrior
 19045 | D:11     | Killed Psyche
 19051 | D:11     | Reached skill level 1 in Armour
 19210 | D:11     | Noticed Nergalle
 19249 | D:11     | Killed Nergalle
 19325 | D:12     | Reached skill level 10 in Dodging
 19656 | D:12     | Noticed a five-headed hydra
 19671 | D:12     | Killed a five-headed hydra
 20093 | D:12     | Reached skill level 11 in Stealth
 20341 | D:12     | Reached skill level 10 in Fighting
 20600 | Orc:1    | Entered Level 1 of the Orcish Mines
 20801 | Orc:2    | Entered Level 2 of the Orcish Mines
 20801 | Orc:2    | Noticed a two-headed ogre
 20828 | Orc:1    | Killed a two-headed ogre
 21162 | Orc:2    | Noticed an orc high priest
 21184 | Orc:2    | Killed an orc high priest
 21453 | Orc:2    | Noticed a two-headed ogre
 21453 | Orc:2    | Noticed a two-headed ogre
 21453 | Orc:2    | Noticed a two-headed ogre
 21505 | Orc:1    | Killed a two-headed ogre
 21599 | Orc:2    | Noticed a two-headed ogre
 21614 | Orc:2    | Killed a two-headed ogre
 21614 | Orc:2    | Noticed a two-headed ogre
 21615 | Orc:2    | Noticed a two-headed ogre
 21636 | Orc:2    | Noticed a two-headed ogre
 21655 | Orc:1    | Killed a two-headed ogre
 21789 | D:9      | Killed a two-headed ogre
 21789 | D:9      | Reached XP level 13. HP: 79/104 MP: 13/13
 22764 | Orc:2    | Found Siocs's Antique Weapon Emporium.
 22764 | Orc:2    | Found Otzoi's General Store.
 22764 | Orc:2    | Found Bonorid's Assorted Antiques.
 22764 | Orc:2    | Found Naadiem's Distillery.
 22777 | Orc:2    | Bought a potion of ambrosia for 120 gold pieces
 22777 | Orc:2    | Bought a potion of curing for 45 gold pieces
 22777 | Orc:2    | Bought a potion of curing for 45 gold pieces
 22777 | Orc:2    | Bought a potion of might for 60 gold pieces
 22777 | Orc:2    | Bought a potion of heal wounds for 75 gold pieces
 22777 | Orc:2    | Bought a potion of magic for 120 gold pieces
 22777 | Orc:2    | Bought a potion of curing for 45 gold pieces
 22778 | Orc:2    | Bought a scroll of identify for 26 gold pieces
 22778 | Orc:2    | Bought a scroll of teleportation for 39 gold pieces
 23124 | Orc:2    | Found a staircase to the Elven Halls.
 23616 | Lair:1   | Entered Level 1 of the Lair of Beasts
 24427 | Lair:1   | Reached skill level 12 in Stealth
 26189 | Lair:3   | Gained mutation: You are significantly more attuned to the shadows. [demonic ancestry]
 26189 | Lair:3   | Reached XP level 14. HP: 91/116 MP: 14/14
 27017 | Lair:4   | Reached skill level 5 in Armour
 27370 | Lair:4   | Found a hole to the Spider Nest.
 27386 | Lair:4   | Reached skill level 13 in Stealth
 27598 | Lair:4   | Found a staircase to the Swamp.
 28632 | Swamp:1  | Entered Level 1 of the Swamp
 29140 | Lair:5   | Slain by a spiny frog

Vault maps used:
D:1:      erik_arrival_cave_to_civilisation
D:2:      grunt_temple_overflow_growth_and_decay,
          gammafunk_temple_overflow_forgotten, uniq_jessica
D:3:      uniq_sigmund, uniq_ijyb
D:4:      grunt_temple_overflow_open, first_ration, st_stairs_9
D:5:      gammafunk_temple_overflow_wave, minmay_temple_entry_glass,
          basic_altar, lemuel_blue_sif_altar
D:6:      lemuel_slime, okawaru_metal_pillars_3
D:8:      blue_anna_alchemist, uniq_maurice
D:9:      slow_altar_2, nicolae_gozag_seed_capital, orc_0_dummy, basic_altar,
          uniq_erica
D:10:     grunt_lair_entry_orc_guard_hut, ebering_ghost_gozag, eino_jars
D:11:     minmay_stone_box, uniq_psyche, uniq_harold, uniq_nergalle
Temple:   corrupted_temple
Lair:1:   minivault_27, serial_bayou_shore_a
Lair:2:   grunt_megastairs_1, lemuel_fruit_tree, minmay_lair_oklob_chamber,
          serial_bayou_shore_b
Lair:3:   hibernation_bobbens
Lair:4:   swamp_mist_pool, spider_nest_entry_funnel_web
Lair:5:   slime_altar_2, beast_lair_carwin_8, grunt_megastairs_5,
          infiniplex_staircase_pool_2
Swamp:1:  nicolae_swamp_feature_on_the_river_bank, swamp_pool2, uniq_donald
Orc:2:    st_orc_ogre_mass

Skill      XL: |  1  2  3  4  5  6  7  8  9 10 11 12 13 14 |
---------------+-------------------------------------------+-----
Dodging        | 1 2 3 4 5 6 7 9 10 11 12 | 12.1
Stealth        | 4 5 6 7 8 10 11 12 13 | 13.1
Short Blades   | 2 3 4 6 8 9 10 | 10.0
Throwing       | 2 |  2.0
Fighting       | 3 4 5 7 9 10 12 | 12.7
Armour         | 3 4 5 |  5.1

Action                   |  1- 3 |  4- 6 |  7- 9 | 10-12 | 13-15 || total
-------------------------+-------+-------+-------+-------+-------++-------
Melee: Dagger            |   151 |   258 |   553 |  1568 |  1000 ||  3530
       Kick              |    28 |    63 |   169 |   607 |   412 ||  1279
 Fire: Blowgun           |       |       |     2 |     7 |    21 ||    30
Throw: Throwing net      |       |       |       |     1 |     2 ||     3
  Use: Scroll            |     7 |     1 |     8 |    11 |     1 ||    28
       Potion            |     1 |       |     2 |    10 |     2 ||    15
 Stab: Sleeping          |     7 |     7 |    17 |    24 |    24 ||    79
       Distracted        |       |       |     2 |     4 |     4 ||    10
       Held in net/web   |       |       |       |     2 |     1 ||     3
  Eat: Chunk             |     3 |     7 |    11 |    14 |    15 ||    50
       Ration            |       |     1 |     2 |     6 |     3 ||    12
Armor: Robe              |    46 |    35 |    59 |    76 |       ||   216
       Troll leather arm |       |       |       |    31 |    47 ||    78
Dodge: Dodged            |    93 |    85 |   133 |   578 |   353 ||  1242
Block: Other             |       |    27 |    62 |   226 |    87 ||   402

Table legend:
 A = Spawn XP
 B = Non-spawn XP
 C = Spawn XP percentage of total XP
 D = Spawn monster count
 E = Non-spawn monster count
 F = Spawn count percentage of total count
 G = Total turns spent on level
                    A         B        C        D         E        F      G
               +---------+---------+-------+---------+---------+-------+---------
         Total |       0 |   75068 |   0.0 |       0 |     502 |   0.0 | 29140
               +---------+---------+-------+---------+---------+-------+---------
           D:1 |       0 |      26 |   0.0 |       0 |      17 |   0.0 |  1093
           D:2 |       0 |     160 |   0.0 |       0 |      26 |   0.0 |  1938
           D:3 |       0 |     361 |   0.0 |       0 |      25 |   0.0 |  1629
           D:4 |       0 |     101 |   0.0 |       0 |       7 |   0.0 |   873
           D:5 |       0 |     350 |   0.0 |       0 |      15 |   0.0 |   978
           D:6 |       0 |    1225 |   0.0 |       0 |      40 |   0.0 |  1381
           D:7 |       0 |    1645 |   0.0 |       0 |      28 |   0.0 |  2045
           D:8 |       0 |    2770 |   0.0 |       0 |      27 |   0.0 |  1742
           D:9 |       0 |    6333 |   0.0 |       0 |      42 |   0.0 |  2671
          D:10 |       0 |    6362 |   0.0 |       0 |      56 |   0.0 |  3309
          D:11 |       0 |    9097 |   0.0 |       0 |      39 |   0.0 |  2152
          D:12 |       0 |    3731 |   0.0 |       0 |      24 |   0.0 |  1234
        Lair:1 |       0 |    2571 |   0.0 |       0 |       9 |   0.0 |  1007
        Lair:2 |       0 |    5440 |   0.0 |       0 |      25 |   0.0 |  1084
        Lair:3 |       0 |    4809 |   0.0 |       0 |      13 |   0.0 |  1029
        Lair:4 |       0 |    5698 |   0.0 |       0 |      24 |   0.0 |  1822
        Lair:5 |       0 |    3097 |   0.0 |       0 |      11 |   0.0 |   580
         Orc:1 |       0 |    5478 |   0.0 |       0 |      20 |   0.0 |  1225
         Orc:2 |       0 |   15814 |   0.0 |       0 |      54 |   0.0 |  1303
               +---------+---------+-------+---------+---------+-------+---------
